AoeStats
← 断天泪

Arena

507522262Analyzed
2v2 RM · 15d ago on Sep 18, 2026· 46m 5s· 4 players
Game mode
Random Map
Map size
Medium (4 player)
Population
200
Speed
Normal
Resources
Standard
Victory
Conquest
Starting age
Dark Age
Ending age
Imperial Age
RankedLock teamsTeams togetherTeam positionsShared explorationLock speedFull tech treeHidden civsTurbo modeCheats
Victory
Defeat
🇦🇷 Turks · Argentina
917
+13
🇦🇷 Poles · Argentina
916
+13
🇨🇳 Khmer · China
874
-13
🇦🇹 Spanish · Austria
837
-13
Kitty With A Relic
10:38 Feudal Age
15:08 Castle Age
13:40 Double-Bit Axe
14:09 Horse Collar
21:59 Wheelbarrow
21:10 Loom
22:31 Town Watch
23:22 Fervor
23:31 Hand Cart
24:23 Town Patrol
26:10 Bow Saw
31:16 Imperial Age
29:40 Heavy Plow
29:31 Gold Mining
30:35 Husbandry
30:46 Bloodlines
30:34 Stone Mining
30:45 Scale Mail Armor
30:50 Scale Barding Armor
30:56 Forging
30:39 Fletching
31:17 Padded Archer Armor
32:03 Masonry
32:31 Chain Barding Armor
33:19 Iron Casting
33:11 Conscription
33:07 Inquisition
33:28 Supremacy
34:24 Two-Man Saw
34:03 Stone Shaft Mining
33:24 Bodkin Arrow
33:45 Cavalier
34:45 Sappers
36:01 Plate Barding Armor
36:04 Leather Archer Armor
36:22 Ballistics
35:58 Murder Holes
37:19 Hoardings
37:18 Architecture
37:31 Block Printing
37:46 Illumination
37:57 Theocracy
37:44 Sanctity
36:58 Elite Conquistador
39:07 Blast Furnace
38:35 Bracer
39:40 Chemistry
40:15 Ring Archer Armor
40:30 Paladin
44:14 Scale Mail Armor
断天泪
9:39 Feudal Age
15:35 Castle Age
16:46 Double-Bit Axe
16:47 Horse Collar
21:37 Heavy Plow
CAMINANTE
10:21 Feudal Age
10:55 Double-Bit Axe
18:12 Castle Age
28:30 Imperial Age
27:06 Light Cavalry
27:59 Pikeman
28:38 Horse Collar
29:26 Bloodlines
32:19 Conscription
32:23 Scale Mail Armor
32:29 Scale Barding Armor
32:35 Forging
35:26 Stone Mining
35:28 Gold Mining
37:08 Chemistry
36:06 Murder Holes
35:52 Treadmill Crane
37:58 Wheelbarrow
37:40 Squires
39:26 Chain Mail Armor
40:16 Iron Casting
39:40 Winged Hussar
45:53 Fortified Wall
†oRaxAspin
10:01 Feudal Age
12:23 Gold Mining
16:41 Castle Age
27:13 Double-Bit Axe
28:10 Gold Shaft Mining
28:34 Horse Collar
29:54 Wheelbarrow
29:45 Heavy Plow
34:18 Imperial Age
32:48 Hand Cart
32:19 Loom
33:14 Bow Saw
32:57 Stone Mining
34:22 Ballistics
34:16 Padded Archer Armor
34:25 Elite Janissary
35:35 Leather Archer Armor
36:23 Treadmill Crane
37:48 Conscription
38:30 Thumb Ring
38:53 Parthian Tactics
38:46 Bloodlines
38:36 Husbandry
41:26 Sipahi
40:38 Heavy Cavalry Archer
Connection lost

Rejoining the realm…

Still unreachable

The connection could not be restored.

Session expired

The server has moved on; the page needs a fresh start.